 Dungeon Crawl Stone Soup version 0.21.1-74-g47da925 (webtiles) character file.

765 asishallab the Charmwright (level 7, -5/56 HPs)
             Began as a Gnoll Skald on Aug 12, 2018.
             Slain by a sky beast (6 damage)
             ... on level 5 of the Dungeon.
             The game lasted 00:16:18 (4378 turns).

asishallab the Charmwright (Gnoll Skald)            Turns: 4378, Time: 00:16:19

Health: -5/56      AC:  7    Str: 15 (16) XL:     7   Next: 81%
Magic:  12/24      EV: 12    Int: 15      God:
Gold:   123        SH:  0    Dex: 16      Spells: 6/17 levels left

rFire    . . .     SeeInvis .   a - +0 hand axe
rCold    + . .     Gourm    .   (no shield)
rNeg     . . .     Faith    .   t - +0 scale mail (curse)
rPois    .         Spirit   .   (no helmet)
rElec    .         Reflect  .   (no cloak)
rCorr    .         Harm     .   (no gloves)
MR       .....     Rnd*Tele +   (no boots)
Stlth    +.........             (no amulet)
HPRegen  1.18/turn              k - ring of magical power
MPRegen  0.19/turn              u - ring of teleportation (curse)

@: singing, very slightly contaminated, regenerating (expiring)
A: distributed training, fangs 1, hooves 1, cold resistance 1, deterioration 1,
strong 1, strong nose
a: no special abilities


You were on level 5 of the Dungeon.
You were not hungry.

You visited 1 branch of the dungeon, and saw 5 of its levels.

You collected 123 gold pieces.

Inventory:

Hand Weapons
 a - a +0 hand axe (weapon)
 b - a +0 blowgun
 o - a +0 dagger of electrocution
 p - a +0 dagger
 v - a +0 hunting sling
Missiles
 e - 225 stones
 j - 30 poisoned needles
 m - 15 sling bullets
 q - 3 needles of confusion
 r - 6 tomahawks (quivered)
Armour
 h - a +0 leather armour
 t - a cursed +0 scale mail (worn)
 y - a +0 ring mail
 z - a scarf of resistance
Jewellery
 i - an uncursed ring of protection from fire
 k - a ring of magical power (left hand)
 u - a cursed ring of teleportation (right hand)
Scrolls
 f - 3 scrolls of amnesia
 g - a scroll of enchant armour
 s - a scroll of fear
 w - a scroll of blinking
 x - a scroll of identify
Potions
 l - a potion of might
 n - a potion of curing
Books
 c - a book of Battle

   Spells                             Type                      Level
   a - Infusion                       Charms                       1
   b - Shroud of Golubria             Charms/Translocation         2
   c - Song of Slaying                Charms                       2
   d - Spectral Weapon                Hexes/Charms                 3
   e - Regeneration                   Charms/Necromancy            3
Comestibles
 d - 5 rations
 A - 7 chunks of flesh


   Skills:
 + Level 5.3 Fighting
 + Level 2.6 Short Blades
 + Level 2.6 Long Blades
 + Level 5.3 Axes
 + Level 2.6 Maces & Flails
 + Level 2.6 Polearms
 + Level 2.6 Staves
 + Level 2.6 Slings
 + Level 2.6 Bows
 + Level 2.6 Crossbows
 + Level 2.6 Throwing
 + Level 3.7 Armour
 + Level 5.3 Dodging
 + Level 2.6 Stealth
 + Level 2.6 Shields
 + Level 2.6 Unarmed Combat
 + Level 5.7 Spellcasting
 + Level 2.1 Conjurations
 + Level 2.1 Hexes
 + Level 5.9 Charms
 + Level 2.1 Summonings
 + Level 2.1 Necromancy
 + Level 2.1 Translocations
 + Level 2.1 Transmutations
 + Level 2.1 Fire Magic
 + Level 2.1 Ice Magic
 + Level 2.1 Air Magic
 + Level 2.1 Earth Magic
 + Level 2.1 Poison Magic
 + Level 3.0 Invocations
 + Level 2.6 Evocations


You had 6 spell levels left.
You knew the following spells:

 Your Spells              Type           Power        Failure   Level  Hunger
a - Infusion              Chrm           ###.         4%          1    None
b - Shroud of Golubria    Chrm/Tloc      ###.......   16%         2    #......
c - Song of Slaying       Chrm           ###.....     8%          2    #......
d - Spectral Weapon       Hex/Chrm       ###.....     30%         3    ###....
e - Regeneration          Chrm/Necr      ###.......   30%         3    ###....


Dungeon Overview and Level Annotations

Branches:
Dungeon (5/15)
 Temple: D:4-7

Altars:


Innate Abilities, Weirdness & Mutations

Your experience applies equally to all skills.
You have very sharp teeth.
Your uncanny sense of smell can sniff out nearby items.
You have large cloven feet.
Your flesh is cold resistant. (rC+)
Your body sometimes deteriorates upon taking damage.
Your muscles are strong. (Str +2)


Message History

Casting: Regeneration
Confirm with . or Enter, or press ? or * to list all spells.
You miscast Shroud of Golubria.
The air around you crackles with energy!
Your skin is crawling a little less now.
A sky beast appears from thin air!
Reactivating autopickup.
The sky beast hits you.
* * * LOW HITPOINT WARNING * * *
The sky beast shocks you.
* * * LOW HITPOINT WARNING * * *
You closely miss the sky beast. You kick the sky beast.
Your bite misses the sky beast.
The sky beast is severely wounded.
The sky beast flickers out of sight!
Deactivating autopickup; reactivate with Ctrl-A.
Something hits you.
* * * LOW HITPOINT WARNING * * *
Something shocks you.
You die...

#...... #......
#......####
#.....>...#
.?...(..!.#
..........#
.......†..####..
.......{@.......
................
.....###########
.... #.. .. .
∆∆∆ ∆∆ ∆


There were no monsters in sight!

Vanquished Creatures
  Sigmund (D:2)
  An ice beast (D:5)
  A scorpion (D:4)
  A hound (D:5)
  3 orc priests
  2 orc wizards
  3 worker ants
  Robin (D:4)
  8 adders
  An ooze (D:2)
  2 adder skeletons (D:4)
  A worm (D:2)
  5 dart slugs
  8 leopard geckos
  12 orcs
  6 bats
  2 giant cockroaches
  12 goblins
  11 hobgoblins
  3 jackals (D:2)
  7 kobolds
  A quokka (D:2)
  A ball python (D:3)
  4 frilled lizards
  A leopard gecko skeleton (D:4)
  8 rats
106 creatures vanquished.

Notes
Turn   | Place    | Note
-------+----------+-------------------------------------------
     0 | D:1      | asishallab the Gnoll Skald began the quest for the Orb.
     0 | D:1      | Reached XP level 1. HP: 20/20 MP: 6/6
   194 | D:1      | Reached XP level 2. HP: 23/26 MP: 7/7
   539 | D:1      | Reached XP level 3. HP: 22/31 MP: 9/9
   808 | D:1      | Reached skill level 5 in Spellcasting
   922 | D:2      | Reached skill level 1 in Invocations
  1026 | D:2      | Reached skill level 1 in Short Blades
  1026 | D:2      | Reached skill level 1 in Long Blades
  1026 | D:2      | Reached skill level 1 in Maces & Flails
  1026 | D:2      | Reached skill level 1 in Polearms
  1026 | D:2      | Reached skill level 1 in Staves
  1026 | D:2      | Reached skill level 1 in Slings
  1026 | D:2      | Reached skill level 1 in Bows
  1026 | D:2      | Reached skill level 1 in Crossbows
  1026 | D:2      | Reached skill level 1 in Throwing
  1026 | D:2      | Reached skill level 1 in Stealth
  1026 | D:2      | Reached skill level 1 in Shields
  1026 | D:2      | Reached skill level 1 in Unarmed Combat
  1026 | D:2      | Reached skill level 1 in Evocations
  1187 | D:2      | Reached XP level 4. HP: 38/38 MP: 11/11
  1296 | D:2      | Noticed Sigmund
  1313 | D:2      | Killed Sigmund
  1313 | D:2      | Reached skill level 1 in Conjurations
  1313 | D:2      | Reached skill level 1 in Hexes
  1313 | D:2      | Reached skill level 1 in Summonings
  1313 | D:2      | Reached skill level 1 in Necromancy
  1313 | D:2      | Reached skill level 1 in Translocations
  1313 | D:2      | Reached skill level 1 in Transmutations
  1313 | D:2      | Reached skill level 1 in Fire Magic
  1313 | D:2      | Reached skill level 1 in Ice Magic
  1313 | D:2      | Reached skill level 1 in Air Magic
  1313 | D:2      | Reached skill level 1 in Earth Magic
  1313 | D:2      | Reached skill level 1 in Poison Magic
  1313 | D:2      | Reached XP level 5. HP: 30/43 MP: 5/12
  1313 | D:2      | Reached XP level 6. HP: 35/50 MP: 5/13
  1321 | D:2      | Learned a level 2 spell: Shroud of Golubria
  1324 | D:2      | Learned a level 2 spell: Song of Slaying
  1328 | D:2      | Learned a level 3 spell: Spectral Weapon
  1332 | D:2      | Learned a level 3 spell: Regeneration
  1556 | D:2      | Gained mutation: Your muscles are strong. (Str +2) [potion of mutation]
  1556 | D:2      | Gained mutation: Your body sometimes deteriorates upon taking damage. [potion of mutation]
  1556 | D:2      | Gained mutation: You have large cloven feet. [potion of mutation]
  1556 | D:2      | Gained mutation: Your flesh is cold resistant. (rC+) [potion of mutation]
  2606 | D:3      | Reached skill level 5 in Fighting
  2606 | D:3      | Reached skill level 5 in Axes
  2606 | D:3      | Reached skill level 5 in Dodging
  3285 | D:4      | Reached XP level 7. HP: 50/56 MP: 15/15
  3346 | D:4      | Noticed Robin
  3355 | D:4      | Killed Robin
  3931 | D:5      | Entered Level 5 of the Dungeon
  3979 | D:5      | HP: 1/56 [ice beast (7)]
  4378 | D:5      | HP: 1/56 [something (3)]
  4378 | D:5      | Slain by a sky beast

Skill      XL: |  1  2  3  4  5  6  7 |
---------------+----------------------+-----
Spellcasting   | 5 |  5.7
Invocations    | 1 2 3 |  3.0
Short Blades   | 1 2 |  2.6
Long Blades    | 1 2 |  2.6
Maces & Flails | 1 2 |  2.6
Polearms       | 1 2 |  2.6
Staves         | 1 2 |  2.6
Slings         | 1 2 |  2.6
Bows           | 1 2 |  2.6
Crossbows      | 1 2 |  2.6
Throwing       | 1 2 |  2.6
Stealth        | 1 2 |  2.6
Shields        | 1 2 |  2.6
Unarmed Combat | 1 2 |  2.6
Evocations     | 1 2 |  2.6
Armour         | 3 |  3.7
Conjurations   | 1 2 |  2.1
Hexes          | 1 2 |  2.1
Summonings     | 1 2 |  2.1
Necromancy     | 1 2 |  2.1
Translocations | 1 2 |  2.1
Transmutations | 1 2 |  2.1
Fire Magic     | 1 2 |  2.1
Ice Magic      | 1 2 |  2.1
Air Magic      | 1 2 |  2.1
Earth Magic    | 1 2 |  2.1
Poison Magic   | 1 2 |  2.1
Fighting       | 5 |  5.3
Axes           | 5 |  5.3
Dodging        | 5 |  5.3
Charms         | |  5.9

Action                   |  1- 3 |  4- 6 |  7- 9 || total
-------------------------+-------+-------+-------++-------
Melee: Hand axe          |   106 |   136 |    96 ||   338
       Bite              |    11 |    18 |    16 ||    45
       Kick              |       |    27 |    30 ||    57
       Dagger            |       |     3 |       ||     3
       Punch             |       |     1 |       ||     1
 Fire: Blowgun           |       |    23 |       ||    23
Throw: Stone             |     7 |     1 |       ||     8
       Tomahawk          |       |     9 |       ||     9
 Cast: Infusion          |       |     2 |     1 ||     3
       Regeneration      |       |     4 |     7 ||    11
       Shroud of Golubri |       |     2 |     3 ||     5
       Song of Slaying   |       |     1 |     3 ||     4
  Use: Potion            |       |     6 |       ||     6
       Scroll            |       |     5 |     2 ||     7
 Stab: Sleeping          |     2 |     2 |       ||     4
  Eat: Chunk             |     1 |     3 |       ||     4
       Ration            |       |     2 |     1 ||     3
Armor: Leather armour    |    19 |     7 |       ||    26
       Scale mail        |       |    17 |    40 ||    57
Dodge: Dodged            |   105 |    97 |    52 ||   254
